 Dungeon Crawl Stone Soup version 0.32-a0-913-g739538afd8 (webtiles) character file.

Game seed: 10612152533770672001

18 dialectric the Ruffian (level 2, 0/31 HPs)
             Began as a Demonspawn Shapeshifter on Apr 8, 2024.
             Was a Follower of Trog.
             Succumbed to a kobold's poison
             ... on level 2 of the Dungeon.
             The game lasted 00:00:51 (752 turns).

dialectric the Ruffian (Demonspawn Shapeshifter)     Turns: 752, Time: 00:00:51

Health: 0/31       AC:  2    Str: 14    XL:     2   Next: 51%
Magic:  2/2        EV: 11    Int: 10    God:    Trog [*.....]
Gold:   42         SH:  0    Dex: 12    Spells: 1/1 levels left

rFire   . . .        j - +2 dagger (venom)
rCold   . . .        (no shield)
rNeg    . . .        a - +0 animal skin
rPois   .            (helmet currently unavailable)
rElec   .            (cloak currently unavailable)
rCorr   .            (gloves currently unavailable)
SInv    .            (boots currently unavailable)
Will    .....        (no amulet) Stlth
                     (no ring)
HPRegen 0.25/turn    (no ring)
MPRegen 0.08/turn

%: no passive effects
@: berserking, lethally poisoned (0 -> -13), beast-form, very quick
A: beast (slay +1), demonic guardian 1
a: Begin Untransformation, Renounce Religion, Berserk


You were on level 2 of the Dungeon.
You worshipped Trog.
Trog was aware of your devotion.
You were a hulking beast.
You visited 1 branch of the dungeon, and saw 2 of its levels.

You collected 42 gold pieces.

Inventory:

Hand Weapons
 h - a +0 trident
 j - a +2 dagger of venom (weapon)
Armour
 a - a +0 animal skin (worn)
Jewellery
 f - a ring of positive energy
 l - a +6 ring of strength
Talismans
 c - a beast talisman (active)
 d - a flux talisman
Scrolls
 g - a scroll of butterflies {unknown}
 k - a scroll of poison {unknown}
 o - a scroll of identify {unknown}
Potions
 b - 2 potions of lignification
 e - a potion of curing {unknown}
 i - a potion of resistance {unknown}
 m - a potion of mutation {unknown}
 n - a potion of invisibility {unknown}


   Skills:
 + Level 1.5 Fighting
 + Level 0.1 Short Blades
 + Level 2.0 Dodging
 + Level 2.9 Unarmed Combat
 + Level 2.8 Shapeshifting


You had one spell level left.
You didn't know any spells.
Your spell library was empty.

Dungeon Overview and Level Annotations

Branches:
Dungeon (2/15)

Altars:
Trog


Innate Abilities, Weirdness & Mutations

You are a hulking beast.
Your limbs bulge with bestial killing power. (Slay +1)
A weak demonic guardian rushes to your aid.


Message History

A kobold comes into view. It is wielding a +2 whip of venom.
The kobold shouts!
The rat squeaks loudly.
The rat twitches its whiskers.
You see here a +0 club.
There are monsters nearby!
The kobold barely misses you.
You hit the kobold.
The kobold is poisoned.
The kobold is severely wounded.
The kobold hits you with a +2 whip of venom!
You are lethally poisoned!
You barely miss the kobold.
The kobold is severely wounded.
You feel very sick.
A dart slug comes into view.
The kobold closely misses you.
You are too injured to fight recklessly!
You are too injured to fight recklessly!
You are too injured to fight recklessly!
You are too injured to fight recklessly!
You are too injured to fight recklessly!
You are too injured to fight recklessly!
Unknown command.
You feel sick. The kobold attacks as it pursues you!
The kobold hits you with a +2 whip of venom.
* * * LOW HITPOINT WARNING * * *
You are more poisoned.
The rat attacks as it pursues you! The rat bites you.
* * * LOW HITPOINT WARNING * * *
You see here a +0 club.
A red film seems to cover your vision as you go berserk!
You feel yourself moving faster!
You feel mighty!
* * * LOW HITPOINT WARNING * * *
You feel very sick. The rat bites you.
* * * LOW HITPOINT WARNING * * *
A demonic guardian appears!
You puncture the kobold!
You kill the kobold!
Trog accepts your kill.
You die...

### ..# #.# #.#
######)###
.......rh5#
w########.########
..................
......###.########
........#.## .
...........+ ..
####.#.#.##
...####.#.#.#
#........#.########.


You could see a rat (ally target) and a friendly ufetubus (summoned).

Vanquished Creatures
  2 ball pythons (D:1)
  2 endoplasms (D:1)
  5 goblins
  A hobgoblin (D:1)
  2 kobolds
  5 rats
  A spectral goblin (D:1)
18 creatures vanquished.

Notes
Turn   | Place    | Note
-------+----------+-------------------------------------------
     0 | D:1      | dialectric the Demonspawn Shapeshifter began the quest for
                  | the Orb.
     0 | D:1      | Reached XP level 1. HP: 15/15 MP: 1/1
   161 | D:1      | Found a faded altar of an unknown god.
   173 | D:1      | Prayed at the altar of an unknown god.
   173 | D:1      | Became a worshipper of Trog the Wrathful
   173 | D:1      | Reached * piety under Trog
   236 | D:1      | Gained mutation: A weak demonic guardian rushes to your
                  | aid. [demonic ancestry]
   236 | D:1      | Reached XP level 2. HP: 14/21 MP: 2/2
   752 | D:2      | Succumbed to a kobold's poison

Illustrated notes

Levels and vault maps discovered:
D:1:      dpeg_arrival_shrine, layout_basic,
          dreamdust_ecumenical_altar_drowned_temple
D:2:      layout_basic, serial_shops, nicolae_shop_industrial_runoff,
          uniq_sigmund

Skill      XL: |  1 |
---------------+----+-----
Dodging        | 2 |  2.0
Fighting       | |  1.5
Short Blades   | |  0.1
Unarmed Combat | |  2.9
Shapeshifting  | |  2.8

Action                     || total
---------------------------++-------
  Melee: Unarmed           ||    27
         Punch             ||     1
         Dagger            ||    20
 Invoke: Berserk           ||     1
   Stab: Sleeping          ||     1
 Armour: Animal skin       ||    24
  Dodge: Dodged            ||    19

Table legend: (Time is in decaauts)
 A = Elapsed time spent in this place.
 B = Non-inter-level travel time spent in this place.
 C = Inter-level travel time spent in this place.
 D = Time resting spent in this place.
 E = Time spent auto-exploring this place.
 F = Levels seen in this place.
 G = Mean time per level.
                   A        B        C        D        E       F      G
               +--------+--------+--------+--------+--------+-----+--------+
         Total |    752 |    732 |     20 |      0 |    599 |   2 |  376.0 |
       Dungeon |    752 |    732 |     20 |      0 |    599 |   2 |  376.0 |
               +--------+--------+--------+--------+--------+-----+--------+

Top non-repeatable levels by time:
     D:1: 725 daAuts
     D:2: 27 daAuts
